 Dungeon Crawl Stone Soup version 0.27-a0-637-g3a9f0a9c12 (webtiles) character file.

Game seed: 8275587498922492348

17284 CypherZel the Carver (level 12, 0/169 HPs)
             Began as a Palentonga Abyssal Knight on Mar 13, 2021.
             Was a Priest of Lugonu.
             Slain by a troll simulacrum (14 damage)
             ... in an ice cave on Mar 14, 2021.
             The game lasted 02:27:06 (31393 turns).

CypherZel the Carver (Palentonga Abyssal Knight)   Turns: 31393, Time: 02:27:06

Health: 0/169      AC: 30    Str: 20    XL:     12   Next: 17%
Magic:  11/19      EV:  1    Int: 13    God:    Lugonu [***...]
Gold:   751        SH:  0    Dex: 10    Spells: 11/11 levels left

rFire    . . .     SeeInvis +   y - +3 scimitar (flame)
rCold    . . .     Faith    .   (no shield)
rNeg     + + +     Spirit   .   (armour currently unavailable)
rPois    +         Reflect  .   (helmet currently unavailable)
rElec    .         Harm     .   (cloak currently unavailable)
rCorr    .         Rampage  .   (gloves currently unavailable)
Will     .....     NoTele   +   (no barding)
Stlth    +.........             I - amulet of regeneration
HPRegen  1.38/turn              w - ring of poison resistance
MPRegen  0.16/turn              E - +4 ring of protection

@: tree-form
A: stationary, stasis, torment immunity, boosted hp, large, rugged brown scales
3, see invisible, (deformed body), (roll 1), (armoured tail), (reflexive curl)
a: Renounce Religion, Depart the Abyss, Bend Space, Banish


You were in an ice cave.
You worshipped Lugonu.
Lugonu was most pleased with you.
You were a tree.
You visited 2 branches of the dungeon, and saw 12 of its levels.
You visited the Abyss 1 time.
You also visited: Ice Cave.

You collected 751 gold pieces.

Inventory:

Hand Weapons
 a - a +2 mace
 n - a +2 trident of venom
 q - a +2 short sword of flaming
 r - a +3 scimitar of freezing
 y - a +3 scimitar of flaming (weapon)
Missiles
 c - 50 poisoned darts
 p - 6 datura-tipped darts
 s - 19 boomerangs
 t - 3 curare-tipped darts
Armour
 b - a +1 leather armour (melded)
 f - a +0 tower shield
 g - a +0 ring mail
 j - a +0 scale mail
 k - a +0 cloak (melded)
 l - a +0 helmet (melded)
 m - a +0 chain mail
 u - a +0 plate armour
 x - a +1 hat
 F - a +0 pair of gloves (melded)
Jewellery
 v - a ring of willpower
 w - a ring of poison resistance (right branch)
 C - an amulet of reflection
 D - a ring of flight
 E - a +4 ring of protection (left branch)
 G - an amulet of the acrobat
 I - an amulet of regeneration (around neck)
Wands
 e - a wand of charming (10)
 i - a wand of iceblast (29)
Scrolls
 d - 2 scrolls of amnesia
Potions
 h - a potion of degeneration {unknown}
 o - 2 potions of mutation {unknown}
 z - a potion of magic {unknown}
 A - 4 potions of attraction
 B - 4 potions of brilliance
 H - a potion of ambrosia {unknown}
 P - a potion of lignification


   Skills:
 - Level 10.0 Fighting
 + Level 13.7 Long Blades
 - Level 6.2 Maces & Flails
 - Level 1.5 Armour
 - Level 0.7 Dodging
 - Level 10.0 Invocations


You had 11 spell levels left.
You didn't know any spells.
Your spell library contained the following spells:

 Spells                   Type           Power      Damage    Failure   Level
 Freeze                   Ice            0%         1d3       30%         1
 Magic Dart               Conj           0%         1d3       30%         1
 Searing Ray              Conj           0%         3d3       43%         2
 Dazzling Flash           Conj/Hex       0%         N/A       67%         3
 Frozen Ramparts          Ice            0%         1d2       67%         3
 Ozocubu's Armour         Ice            0%         N/A       67%         3
 Fulminant Prism          Conj/Hex       0%         3d6       97%         4
 Hailstorm                Conj/Ice       0%         3d3       97%         4
 Iskenderun's Mystic Bla  Conj/Tloc      0%         2d3       97%         4
 Summon Ice Beast         Ice/Summ       0%         N/A       97%         4


Dungeon Overview and Level Annotations

Branches:
Dungeon (9/15)             Temple (0/1) D:4            Lair (3/6) D:9
 Spider (0/4) Lair:2        IceCv (1/1)
  Swamp: Lair:2-4    Shoals: Lair:2-4       Orc: D:9-12

Altars:
Ashenzari
Nemelex Xobeh
Okawaru
Vehumet
Wu Jian
Zin

Annotations:
D:3 exclusion: 2 downstairs
D:4 exclusion: downstairs
D:5 exclusion: downstairs
D:8 exclusions: 2 doors, downstairs and 4 more exclusions
Lair:1 exclusion: 2 downstairs
Lair:3 Fannar
Abyss:1 Maggie


Innate Abilities, Weirdness & Mutations

You are a tree.
Your roots penetrate the ground, keeping you stationary.
You cannot be teleported.
You are immune to unholy pain and torment.
Your maximum health is greatly increased.
Your equipment is partially melded.
(You are completely covered in rugged brown scales. (AC +3, +7% HP))
You have supernaturally acute eyesight. (SInv)
((Armour fits poorly on your strangely shaped body.))
((You can roll at nearby foes to attack.))
((You have a long armoured tail.))
((You curl defensively after being hit.))


Message History

Okay, then.
Okay, then.
Press: ? - help, v - describe, . - travel
Here: a draconian simulacrum The floor.
You hit the troll simulacrum.
You melt the troll simulacrum.
The troll simulacrum is severely damaged.
A centaur simulacrum comes into view.
You slash the troll simulacrum!
You melt the troll simulacrum.
The troll simulacrum vapourises!
You hit the draconian simulacrum.
You melt the draconian simulacrum.
The draconian simulacrum is heavily damaged.
You slash the draconian simulacrum!
You melt the draconian simulacrum.
The draconian simulacrum vapourises!
Press: ? - help, Shift-Dir - straight line, f - necromancer
Aim: a necromancer, wielding a +0 dagger and wearing a +0 robe (chance to affect: 58%)
The necromancer resists with significant effort.
The necromancer gestures wildly while chanting.
The necromancer binds the souls of nearby monsters.
A spriggan simulacrum comes into view.
Press: ? - help, Shift-Dir - straight line, f/p - necromancer
Aim: a necromancer, wielding a +0 dagger and wearing a +0 robe (chance to affect: 58%)
The necromancer is devoured by a tear in reality.
Lugonu claims a new guest.
Press: ? - help, v - describe, . - travel
Here: a centaur simulacrum (freezing vapour)
The floor.
You slash the centaur simulacrum!
You melt the centaur simulacrum.
The centaur simulacrum is severely damaged.
A spriggan simulacrum comes into view.
You slash the centaur simulacrum!
You melt the centaur simulacrum.
The centaur simulacrum vapourises!
You slash the ogre simulacrum!
You melt the ogre simulacrum.
The ogre simulacrum is heavily damaged.
You hit the ogre simulacrum.
You melt the ogre simulacrum.
The ogre simulacrum is severely damaged.
The troll simulacrum claws you.
* * * LOW HITPOINT WARNING * * *
The troll simulacrum freezes you!
You die...

...###.....## ..##
##...## ...#########
## ...).# ##.. ..##
...?.# #...# #...#
..#### #..Z####....
### #......§§§# #
### #...ZZ§§§# #
###.## #..Z♣.^#
#####....#####....##
.#....##...#.##...#
....######.......##
##### ##.##.###
######


You could see 2 spriggan simulacra, an ogre simulacrum and a troll simulacrum.

Vanquished Creatures
  Gastronok (D:8)
  Erica (D:8)
  Nergalle (Lair:1)
  Pikel (D:8)
  3 black mambas (Lair:1)
  An ice statue (IceCv)
  2 cane toads (D:9)
  3 komodo dragons
  A rime drake (Lair:1)
  8 freezing wraiths (IceCv)
  A redback (Lair:1)
  2 wyverns (Lair:1)
  A yak (Lair:1)
  A basilisk (Lair:1)
  A death yak simulacrum (IceCv)
  A water moccasin (Lair:1)
  2 orc warriors
  7 ice beasts
  2 black bears
  2 necrophages
  8 ogres
  A lemure (D:8)
  2 phantoms
  6 centaurs
  3 bullfrogs
  A gnoll sergeant (D:5)
  A wyvern zombie (D:6)
  3 scorpions
  13 killer bees
  4 howler monkeys
  4 wights
  3 draconian simulacra (IceCv)
  A quasit (D:5)
  2 jellies
  2 orc priests (D:6)
  4 hounds
  2 bullfrog skeletons
  2 centaur skeletons
  8 orc wizards
  9 worker ants
  3 troll simulacra (IceCv)
  3 wolf simulacra (IceCv)
  2 centaur simulacra (IceCv)
  A hound skeleton (D:8)
  2 worker ant zombies
  10 gnolls
  12 adders
  2 naga simulacra (IceCv)
  2 ogre simulacra (IceCv)
  13 white imps
  4 ufetubi
  An ooze (D:2)
  An adder skeleton (D:4)
  An adder zombie (D:5)
  2 worms
  6 leopard geckos
  45 orcs
  8 giant cockroaches
  3 goblins
  4 hobgoblins
  10 jackals
  3 kobolds (D:1)
  A quokka (D:5)
  4 bats
  6 frilled lizards
  2 leopard gecko zombies (D:8)
  A quokka skeleton (D:4)
  10 rats
283 creatures vanquished.

Vanquished Creatures (others)
  4 fungi
  70 plants
74 creatures vanquished.

Grand Total: 357 creatures vanquished

Notes
Turn   | Place    | Note
-------+----------+-------------------------------------------
     0 | Abyss:1  | CypherZel the Palentonga Abyssal Knight began the quest for
                  | the Orb.
     0 | Abyss:1  | Reached XP level 1. HP: 20/20 MP: 2/2
    43 | Abyss:1  | Noticed an orange demon
    44 | D:1      | Escaped the Abyss
   220 | D:1      | Reached * piety under Lugonu
   509 | D:1      | Reached XP level 2. HP: 18/27 MP: 3/3
  1208 | D:1      | Reached XP level 3. HP: 30/33 MP: 4/4
  3174 | D:3      | Reached XP level 4. HP: 42/42 MP: 5/5
  3385 | D:3      | Reached ** piety under Lugonu
  3695 | D:3      | Reached XP level 5. HP: 38/50 MP: 6/6
  4685 | D:4      | Found a staircase to the Ecumenical Temple.
  4882 | D:4      | Noticed a black bear
  4926 | D:5      | Entered Level 5 of the Dungeon
  4926 | D:5      | Noticed an ice beast
  4988 | D:4      | Reached skill level 5 in Fighting
  5167 | D:4      | Noticed an ogre
  5528 | D:4      | Reached XP level 6. HP: 59/59 MP: 7/7
  5648 | D:4      | HP: 2/59 [poisoned by a scorpion]
  5968 | D:4      | Reached skill level 5 in Maces & Flails
  6212 | D:4      | Gained mutation: You curl defensively after being hit.
                  | [Palentonga growth]
  6212 | D:4      | Reached XP level 7. HP: 36/67 MP: 2/8
  8607 | D:5      | Reached skill level 5 in Invocations
  8757 | D:4      | Upgraded the game from 0.27-a0-631-g2d681adce0 to
                  | 0.27-a0-637-g3a9f0a9c12
  9218 | D:4      | Reached XP level 8. HP: 47/74 MP: 6/12
 10091 | D:5      | Found a radiant altar of Vehumet.
 11186 | D:5      | Found a sparkling altar of Nemelex Xobeh.
 11186 | D:5      | Found an iron altar of Okawaru.
 11187 | D:5      | Found an ornate altar of the Wu Jian Council.
 11188 | D:5      | Found a broken altar of Ashenzari.
 11189 | D:5      | Found a glowing silver altar of Zin.
 12716 | D:6      | Reached *** piety under Lugonu
 12717 | D:6      | Reached XP level 9. HP: 86/88 MP: 13/13
 13890 | D:7      | Noticed a troll
 14147 | D:6      | Banished a troll
 14148 | D:6      | Reached skill level 10 in Fighting
 17779 | D:8      | Noticed a queen bee
 17882 | D:8      | Noticed a two-headed ogre
 18039 | D:8      | Noticed Maggie
 18097 | D:8      | Banished Maggie
 18098 | D:8      | Reached skill level 10 in Invocations
 18164 | D:8      | Noticed Gastronok
 18190 | D:8      | Killed Gastronok
 18191 | D:8      | Reached skill level 6 in Long Blades
 18191 | D:8      | Reached XP level 10. HP: 51/99 MP: 11/17
 18414 | D:8      | Banished a two-headed ogre
 18415 | D:8      | Reached skill level 7 in Long Blades
 19272 | D:9      | Noticed a two-headed ogre
 19273 | D:9      | Banished a two-headed ogre
 19274 | D:9      | Reached skill level 8 in Long Blades
 19274 | D:9      | Noticed Erica
 19301 | D:8      | Killed Erica
 19302 | D:8      | Reached skill level 9 in Long Blades
 19302 | D:8      | Reached XP level 11. HP: 73/105 MP: 5/18
 21429 | D:9      | Found a staircase to the Lair.
 22501 | D:9      | Noticed Pikel
 22533 | D:8      | Killed Pikel
 22830 | Lair:1   | Entered Level 1 of the Lair of Beasts
 22956 | D:9      | Reached skill level 10 in Long Blades
 24646 | Lair:1   | Noticed Nergalle
 25148 | Lair:1   | Killed Nergalle
 25844 | Lair:1   | Reached skill level 11 in Long Blades
 26216 | Lair:2   | Noticed an eight-headed hydra
 26384 | Lair:2   | Found a hole to the Spider Nest.
 27557 | Lair:1   | Reached skill level 12 in Long Blades
 28491 | Lair:3   | Found a frozen archway.
 28494 | Lair:3   | Noticed Fannar
 28504 | IceCv    | Entered an ice cave
 28517 | IceCv    | HP: 4/105 [death yak simulacrum (27)]
 29038 | IceCv    | Reached skill level 13 in Long Blades
 29157 | IceCv    | Reached XP level 12. HP: 107/113 MP: 17/19
 29296 | IceCv    | Found an ancient bone altar of Kikubaaqudgha.
 31382 | IceCv    | HP: 6/169 [troll simulacrum (8)]
 31393 | IceCv    | Slain by a troll simulacrum

Illustrated notes

Levels and vault maps discovered:
D:1:      saegor_arrival_simple_e, layout_loops_ring, columned_hall_lemuel
D:2:      layout_loops_corners
D:3:      layout_basic
D:4:      black_bear_nest_1, layout_gridville, minmay_temple_entry_poolview,
          grunt_ministairs_7
D:5:      layout_rooms, minitemple
D:6:      layout_basic, minmay_misc_feat_roman
D:7:      layout_basic, kennysheep_generic_room_13
D:8:      layout_basic, nicolae_looking_at_the_future, uniq_gastronok,
          uniq_maggie
D:9:      layout_gridville, david_lair_shrubbed, uniq_erica, uniq_pikel
Lair:1:   layout_regular_city, lemuel_fruit_tree, uniq_nergalle
Lair:2:   regret_index_bee_streams, layout_layer_cave, spider_nest_entry_a,
          minivault_11, lemuel_fruit_fields
Lair:3:   layout_regular_city, skrybe_swamp_entry_bodies,
          portal_ice_cave_entry_pillars_2, uniq_fannar
IceCv:    ice_cave_small_necro

Skill      XL: |  1  2  3  4  5  6  7  8  9 10 11 |
---------------+----------------------------------+-----
Maces & Flails | 3 4 5 6 |  6.2
Fighting       | 4 5 6 9 10 | 10.0
Invocations    | 6 10 | 10.0
Long Blades    | 6 9 13 | 13.7
Armour         | |  1.5
Dodging        | |  0.7

Action                   |  1- 3 |  4- 6 |  7- 9 | 10-12 || total
-------------------------+-------+-------+-------+-------++-------
Melee: Mace              |   112 |   113 |   120 |       ||   345
       Tailslap          |     9 |     9 |    27 |    38 ||    83
       Trident           |       |       |   101 |       ||   101
       Scimitar          |       |       |    70 |   332 ||   402
       Short sword       |       |       |    27 |       ||    27
Throw: Dart              |     1 |     7 |    32 |    16 ||    56
       Boomerang         |       |       |       |     1 ||     1
Invok: Depart the Abyss  |     1 |       |       |       ||     1
       Bend Space        |       |    12 |   204 |   160 ||   376
       Banish            |       |       |     3 |    12 ||    15
 Abil: Rolling Charge    |    35 |    25 |   199 |   111 ||   370
Evoke: Wand              |       |       |       |     1 ||     1
  Use: Scroll            |    10 |     3 |     3 |     9 ||    25
       Potion            |       |     3 |     1 |    14 ||    18
 Stab: Sleeping          |     1 |       |       |       ||     1
Armor: Leather armour    |    33 |    21 |    30 |   111 ||   195
       Scale mail        |       |    14 |   164 |    54 ||   232
       Skin              |       |       |       |    41 ||    41
Dodge: Dodged            |    53 |    54 |   170 |   178 ||   455
Block: Other             |       |     3 |   107 |    39 ||   149
       Reflection        |       |       |    12 |     2 ||    14
       Rpst.: Scimitar   |       |       |    11 |    49 ||    60

Table legend: (Time is in decaauts)
 A = Elapsed time spent in this place.
 B = Non-inter-level travel time spent in this place.
 C = Inter-level travel time spent in this place.
 D = Time resting spent in this place.
 E = Time spent auto-exploring this place.
 F = Levels seen in this place.
 G = Mean time per level.
                   A        B        C        D        E       F      G
               +--------+--------+--------+--------+--------+-----+--------+
         Total |  31688 |  29688 |   2000 |  15052 |   5817 |  14 | 2263.4 |
       Dungeon |  24948 |  23204 |   1744 |  12031 |   5240 |   9 | 2772.0 |
          Lair |   3795 |   3539 |    256 |   1616 |    535 |   3 | 1265.0 |
         Abyss |     44 |     44 |      0 |      0 |     42 |   1 |   44.0 |
      Ice Cave |   2900 |   2900 |      0 |   1404 |      0 |   1 | 2900.0 |
               +--------+--------+--------+--------+--------+-----+--------+

Top non-repeatable levels by time:
     D:4: 5734 daAuts
     D:8: 4089 daAuts
     D:9: 3190 daAuts
   IceCv: 2900 daAuts
  Lair:1: 2898 daAuts
     D:6: 2708 daAuts
     D:5: 2528 daAuts
     D:7: 1882 daAuts
     D:3: 1878 daAuts
     D:2: 1567 daAuts
     D:1: 1369 daAuts
  Lair:2: 717 daAuts
  Lair:3: 179 daAuts
 Abyss:1: 44 daAuts
